 Dungeon Crawl Stone Soup version 0.27-a0-901-g8736458 (webtiles) character file.

Game seed: 7117479676519745709

114 Nithhogg the Skirmisher (level 4, -1/37 HPs)
             Began as a Demonspawn Fighter on Apr 5, 2021.
             Shot with a sling bullet by a goblin (7 damage)
             ... led by Robin
             ... on level 2 of the Dungeon.
             The game lasted 00:01:46 (1869 turns).

Nithhogg the Skirmisher (Demonspawn Fighter)        Turns: 1869, Time: 00:01:47

Health: -1/37      AC:  6    Str: 15 (17) XL:     4   Next: 66%
Magic:  4/4        EV:  9    Int:  8 (10) God:
Gold:   115        SH:  0    Dex: 10 (12) Spells: 3/3 levels left

rFire    . . .     SeeInvis .   a - +0 long sword
rCold    . . .     Faith    .   (no shield)
rNeg     . . .     Spirit   .   b - +0 scale mail
rPois    .         Reflect  .   (no helmet)
rElec    .         Harm     .   (no cloak)
rCorr    .         Rampage  .   (no gloves)
Will     .....                  (no boots)
Stlth    ..........             (no amulet)
HPRegen  0.12/turn              (no ring)
MPRegen  0.18/turn              (no ring)

@: mighty, lethally poisoned (-1 -> -4), invisible
A: hooves 1, magic regeneration
a: no special abilities


You were on level 2 of the Dungeon.
You visited 1 branch of the dungeon, and saw 2 of its levels.

You collected 115 gold pieces.

Inventory:

Hand Weapons
 a - a +0 long sword (weapon)
Armour
 b - a +0 scale mail (worn)
 c - a +0 kite shield
Scrolls
 e - a scroll of teleportation {unknown}
 g - a scroll of fear {unknown}
 i - a scroll of amnesia {unknown}
Potions
 d - a potion of might
 h - a potion of degeneration


   Skills:
 + Level 3.8 Fighting
 + Level 2.6 Long Blades
 + Level 3.4 Armour
 + Level 1.7 Dodging
 - Level 2.6 Shields


You had 3 spell levels left.
You didn't know any spells.
Your spell library was empty.

Dungeon Overview and Level Annotations

Branches:
Dungeon (2/15)

Altars:


Innate Abilities, Weirdness & Mutations

You have large cloven feet.
You regenerate magic rapidly.


Message History

You kill the goblin!
The goblin shoots a sling bullet.
The sling bullet hits you.
You slash the goblin!
You kill the goblin!
The goblin shoots a sling bullet.
The sling bullet barely misses you.
You hit the goblin.
You kill the goblin!
The goblin shoots a sling bullet.
The sling bullet hits you but does no damage.
The kobold throws a stone.
The stone barely misses you.
The goblin shoots a sling bullet.
The sling bullet hits you but does no damage.
The kobold hits you with a +2 dagger of venom.
You are poisoned.
The goblin unwields a +0 hunting sling.
The goblin wields a +0 dagger.
The goblin hits you but does no damage.
Items here: ))) ††.
You closely miss the goblin.
You feel very sick. The kobold hits you but does no damage.
You are more poisoned.
The goblin hits you but does no damage.
You feel sick.
You completely miss the kobold.
You feel very sick. The kobold barely misses you.
It was a potion of degeneration.
There was something very wrong with that liquid.
You feel weakened.
You feel dopey.
You feel clumsy.
You feel sick.
The kobold hits you with a +2 dagger of venom.
* * * LOW HITPOINT WARNING * * *
It was a potion of invisibility.
You fade into invisibility!
You feel sick. The kobold closely misses you.
You riposte.
You closely miss the kobold.
The goblin unwields a +0 dagger.
The goblin wields a +0 hunting sling.
The goblin shoots a sling bullet.
The sling bullet closely misses the kobold.
The sling bullet hits you!
You die...

..####.)####.........#
#....................#
####....##############
#.........#
..###.###.#### # #.
#....# .. ####.### #.
# #..^### .. #..
###@Kg# .# .....####g#
.....ggg).#
...ggKg#### ....gg#
..r.g# ..... ...> ...


You could see 2 goblins and a kobold.

Vanquished Creatures
  A hound (D:2)
  Robin (D:2)
  A worm (D:2)
  A dart slug (D:1)
  8 ball pythons
  5 endoplasms
  2 giant cockroaches
  15 goblins
  6 hobgoblins
  4 jackals (D:1)
  4 kobolds
  3 quokkas (D:1)
  2 bats (D:1)
  2 frilled lizards (D:1)
  4 rats
59 creatures vanquished.

Notes
Turn   | Place    | Note
-------+----------+-------------------------------------------
     0 | D:1      | Nithhogg the Demonspawn Fighter began the quest for the
                  | Orb.
     0 | D:1      | Reached XP level 1. HP: 18/18 MP: 1/1
   155 | D:1      | Gained mutation: You regenerate magic rapidly. [demonic
                  | ancestry]
   155 | D:1      | Reached XP level 2. HP: 5/24 MP: 2/2
   889 | D:1      | Reached skill level 1 in Dodging
   978 | D:1      | Reached XP level 3. HP: 29/29 MP: 3/3
  1061 | D:1      | Found a faded altar of an unknown god.
  1644 | D:2      | Gained mutation: You have large cloven feet. [demonic
                  | ancestry]
  1644 | D:2      | Reached XP level 4. HP: 36/36 MP: 4/4
  1846 | D:2      | Noticed Robin
  1857 | D:2      | Killed Robin
  1869 | D:2      | Shot with a sling bullet by a goblin

Illustrated notes

Levels and vault maps discovered:
D:1:      lemuel_arrival_lava_pool, layout_basic, basic_ecumenical_altar,
          minmay_quantized
D:2:      layout_rooms, uniq_robin

Skill      XL: |  1  2 |
---------------+-------+-----
Long Blades    | 2 |  2.6
Armour         | 3 |  3.4
Dodging        | 1 |  1.7
Fighting       | |  3.8
Shields        | |  2.6

Action                   |  1- 3 |  4- 6 || total
-------------------------+-------+-------++-------
Melee: Long sword        |   110 |    25 ||   135
       Kick              |       |    10 ||    10
  Use: Potion            |       |     3 ||     3
Armor: Scale mail        |    65 |    17 ||    82
Dodge: Dodged            |    64 |    16 ||    80
       Rpst.: Long sword |    22 |     3 ||    25

Table legend: (Time is in decaauts)
 A = Elapsed time spent in this place.
 B = Non-inter-level travel time spent in this place.
 C = Inter-level travel time spent in this place.
 D = Time resting spent in this place.
 E = Time spent auto-exploring this place.
 F = Levels seen in this place.
 G = Mean time per level.
                   A        B        C        D        E       F      G
               +--------+--------+--------+--------+--------+-----+--------+
         Total |   1908 |   1897 |     11 |    393 |   1172 |   2 |  954.0 |
       Dungeon |   1908 |   1897 |     11 |    393 |   1172 |   2 |  954.0 |
               +--------+--------+--------+--------+--------+-----+--------+

Top non-repeatable levels by time:
     D:1: 1648 daAuts
     D:2: 259 daAuts
